 Dungeon Crawl Stone Soup version 0.21-a0-260-g9b2435e (console) character file.

51 Mandevil the Chopper (level 3, -1/32 HPs)
             Began as a Naga Gladiator on Sept 7, 2017.
             Slain by an orc
             ... wielding a +0 trident
              (6 damage)
             ... on level 3 of the Dungeon.
             The game lasted 00:03:28 (1681 turns).

Mandevil the Chopper (Naga Gladiator)               Turns: 1681, Time: 00:03:28

Health: -1/32      AC:  4    Str: 17    XL:     3   Next: 83%
Magic:  3/3        EV:  9    Int:  8    God:
Gold:   157        SH:  0    Dex: 12    Spells: 2/2 levels left

rFire    . . .     SeeInvis +   a - +0 war axe
rCold    . . .     Gourm    .   (no shield)
rNeg     . . .     Faith    .   h - +0 ring mail
rPois    +         Spirit   .   c - +0 helmet
rElec    .         Reflect  .   (no cloak)
rCorr    .         Harm     .   (no gloves)
MR       .....                  (no barding)
Stlth    +.........             (no amulet)
HPRegen  0.10/turn              (no ring)
MPRegen  0.08/turn              (no ring)

@: very slow
A: see invisible, deformed body, poison resistance, slowness 2, slow metabolism
1, spit poison 1, AC +1
a: Spit Poison


You were on level 3 of the Dungeon.
You were not hungry.

You visited 1 branch of the dungeon, and saw 3 of its levels.

You collected 157 gold pieces.

Inventory:

Hand Weapons
 a - a +0 war axe (weapon)
Missiles
 b - 27 arrows
 d - 3 throwing nets (quivered)
 k - 15 bolts
 p - 39 sling bullets
 s - 41 stones
Armour
 c - a +0 helmet (worn)
 h - a +0 ring mail (worn)
Scrolls
 e - a scroll of immolation {unknown}
 g - a scroll of recharging {unknown}
 m - 4 scrolls of identify {unknown}
 o - a scroll of teleportation {unknown}
Potions
 i - a potion of agility {unknown}
 j - a potion of magic {unknown}
 l - 2 potions of curing {unknown}
Comestibles
 f - 4 bread rations
 n - 2 meat rations


   Skills:
 - Level 2.0 Fighting
 * Level 4.2 Axes
 - Level 1.7 Throwing
 - Level 2.4 Dodging
 + Level 2.4 Stealth


You had 2 spell levels left.
You didn't know any spells.

Dungeon Overview and Level Annotations

Branches:
Dungeon (3/15)

Altars:

Annotations:
D:3 underbelly's ghost, amateur OgTm


Innate Abilities, Weirdness & Mutations

You cannot wear boots.
Your serpentine skin is tough. (AC +1)
You have supernaturally acute eyesight. (SInv)
Armour fits poorly on your strangely shaped body.
Your system is resistant to poisons. (rPois)
You cover ground very slowly.
You have a slow metabolism.
You can spit poison.


Message History

Things that are here:
a dagger; a ring mail; an orc corpse You are too injured to fight recklessly!
You are too injured to fight recklessly!
You closely miss the orc. The orc barely misses you.
You hit the orc.
The orc is lightly wounded.
The orc hits you but does no damage.
You hit the orc.
The orc is heavily wounded.
The orc hits you but does no damage.
You closely miss the orc.
The orc is heavily wounded.
The orc hits you with a trident!
* * * LOW HITPOINT WARNING * * *
The orc hits you but does no damage.
You closely miss the orc.
The orc is heavily wounded.
The orc hits you with a trident.
You die...

###.##### #######
#.......# #.....#
##.......# ###
#.....###......(.#....
#.......[............o.
#................#?o...
#......##...(....# ###W
######.##....o...#
#.##.()N....#
#...[.<####.#
####........#
.#######.########
.........# ##########


You could see an orc.

Vanquished Creatures
  An adder (D:2)
  A worm (D:2)
  A dart slug (D:2)
  A leopard gecko (D:1)
  3 orcs (D:3)
  2 giant cockroaches
  4 goblins
  2 hobgoblins
  7 jackals (D:2)
  A bat (D:1)
  2 frilled lizards
  3 kobolds
  3 rats (D:2)
31 creatures vanquished.

Notes
Turn   | Place    | Note
-------+----------+-------------------------------------------
     0 | D:1      | Mandevil the Naga Gladiator began the quest for the Orb.
     0 | D:1      | Reached XP level 1. HP: 19/19 MP: 1/1
   401 | D:1      | Reached XP level 2. HP: 26/26 MP: 2/2
   978 | D:2      | Reached skill level 1 in Stealth
  1256 | D:2      | Reached XP level 3. HP: 19/32 MP: 3/3
  1260 | D:2      | Reached skill level 4 in Axes
  1661 | D:3      | Noticed underbelly's ghost (amateur OgTm)
  1681 | D:3      | Slain by an orc

Vault maps used:
D:1:      sevenhm_arrival_forest_fort_large_2
D:2:      first_bread
D:3:      old_standard_altar, small_statue_intersection, uniq_ijyb

Skill      XL: |  1  2  3 |
---------------+----------+-----
Stealth        | 1 2 |  2.4
Axes           | 4 |  4.2
Fighting       | |  2.0
Throwing       | |  1.7
Dodging        | |  2.4

Action                   || total
-------------------------++-------
Melee: War axe           ||    85
 Abil: Spit Poison       ||     1
  Eat: Chunk             ||     2
Armor: Leather armour    ||     3
       Ring mail         ||    34
Dodge: Dodged            ||    55

Table legend:
 A = Spawn XP
 B = Non-spawn XP
 C = Spawn XP percentage of total XP
 D = Spawn monster count
 E = Non-spawn monster count
 F = Spawn count percentage of total count
 G = Total turns spent on level
                    A         B        C        D         E        F      G
               +---------+---------+-------+---------+---------+-------+---------
         Total |       0 |      74 |   0.0 |       0 |      31 |   0.0 |  1681
               +---------+---------+-------+---------+---------+-------+---------
           D:1 |       0 |      14 |   0.0 |       0 |       9 |   0.0 |   963
           D:2 |       0 |      49 |   0.0 |       0 |      18 |   0.0 |   675
           D:3 |       0 |      11 |   0.0 |       0 |       4 |   0.0 |    43
               +---------+---------+-------+---------+---------+-------+---------
